 Dungeon Sprint DCSS version 0.29-a0-359-g541a27f54d (webtiles) character file.

Game seed: 10568461144726753651

11500000 Zeldest the Axe Maniac (level 27, -52/273 HPs)
             Began as a Ghoul Warper on Apr 27, 2022.
             Was the Champion of Makhleb.
             Annihilated by a sculptor of flesh
             ... wielding a +9 great sword
              (246 damage)
             ... in the Dungeon (Sprint VIII: "Arena of Blood").
             The game lasted 00:04:05 (115 turns).

Zeldest the Axe Maniac (Ghoul Warper)                Turns: 115, Time: 00:04:06

Health: -52/273    AC:  6    Str: 19    XL:     27
Magic:  39/53      EV: 30    Int:  8    God:    Makhleb [******]
Gold:   0          SH:  0    Dex: 18    Spells: 80/80 levels left

rFire   + . .      SeeInvis .   i - +∞ Axe of Woe
rCold   + . .      Faith    .   (shield currently unavailable)
rNeg    + + +      Spirit   .   b - +0 leather armour
rPois   ∞          Reflect  .   (no helmet)
rElec   .          Harm     .   (no cloak)
rCorr   .          Rampage  .   (no gloves)
Will    ++...      NoTele   +   (no boots)
Stlth   +++++++++.              (no amulet)
HPRegen 0.00/turn               j - ring of protection from fire
MPRegen 0.33/turn               (no ring)

@: marked, inhibited regen
A: claws 1, cold resistance 1, negative energy resistance 3, inhibited
regeneration, torment resistance 2, devour on kill
a: Renounce Religion, Minor Destruction, Lesser Servant of Makhleb, Major
Destruction, Greater Servant of Makhleb


You were in the Dungeon.
You worshipped Makhleb.
Makhleb was exalted by your worship.
You visited 1 branch

Inventory:

Hand Weapons
 a - a +0 hand axe
 i - the +∞ Axe of Woe (weapon)
   (You found it in the Dungeon)
Missiles
 d - 7 boomerangs of dispersal (quivered)
Armour
 b - a +0 leather armour (worn)
Jewellery
 j - a ring of protection from fire (left claw)
Potions
 e - a potion of curing
 f - a potion of heal wounds
 g - a potion of haste
 h - 2 potions of magic


   Skills:
 O Level 27 Fighting
 O Level 27 Short Blades
 O Level 27 Long Blades
 O Level 27 Axes
 O Level 27 Maces & Flails
 O Level 27 Polearms
 O Level 27 Staves
 O Level 27 Slings
 O Level 27 Bows
 O Level 27 Crossbows
 O Level 27 Throwing
 O Level 27 Armour
 O Level 27 Dodging
 O Level 27 Stealth
 O Level 27 Shields
 O Level 27 Unarmed Combat
 O Level 27 Spellcasting
 O Level 27 Conjurations
 O Level 27 Hexes
 O Level 27 Summonings
 O Level 27 Necromancy
 O Level 27 Translocations
 O Level 27 Transmutations
 O Level 27 Fire Magic
 O Level 27 Ice Magic
 O Level 27 Air Magic
 O Level 27 Earth Magic
 O Level 27 Poison Magic
 O Level 27 Invocations
 O Level 27 Evocations


You had 80 spell levels left.
You didn't know any spells.
Your spell library contained the following spells:

 Spells                   Type           Power      Damage    Failure   Level
 Blink                    Tloc           100%       N/A       0%          2
 Gell's Gravitas          Tloc           52%        N/A       0%          3
 Lesser Beckoning         Tloc           52%        N/A       0%          3
 Teleport Other           Tloc           52%        N/A       0%          3
 Manifold Assault         Tloc           52%        N/A       0%          5


Dungeon Overview and Level Annotations

Branches:
Dungeon (1/1)

Altars:
Makhleb


Innate Abilities, Weirdness & Mutations

You are immune to poison.
You have sharp fingernails.
Your flesh is cold resistant. (rC+)
You are immune to negative energy. (rN+++)
You do not regenerate when monsters are visible.
You are immune to unholy pain and torment.
You thrive by killing the living.


Message History

You feel better.
You slice the bag of meat!! You chop the bag of meat into pieces.
You kill the bag of meat!
Makhleb accepts your kill.
You feel better.
You slash the dread!
You butcher the dread messily.
You destroy the dread!
Makhleb accepts your kill.
The scourge appears out of thin air!
A scourge comes into view.
The accursed gestures at you while chanting.
Something smites you!
A tyrant comes into view.
The dread throws damnation at you.
The sphere of damnation explodes!
The damnation engulfs you!!
The tyrant mumbles some strange words.
A bag of meat comes into view. It is wielding a +9 war axe. x3
The scourge hisses angrily.
You slice the sculptor of flesh!!
You pulverise the sculptor of flesh into a thin bloody mist.
You destroy the sculptor of flesh!
Makhleb accepts your kill.
You feel better.
You slice the destroyer!!
You cleave the destroyer in twain.
You destroy the destroyer!
Makhleb accepts your kill.
You feel better.
You slash the bag of meat!
You hew the bag of meat savagely.
You kill the bag of meat!
Makhleb accepts your kill.
The large abomination is engulfed in blazing flames.
A destroyer comes into view. It is wielding a +9 vorpal great sword.
You feel something staring at you. Something smites you!
You feel something staring at you. Something smites you!
The accursed points at you and mumbles some strange words.
Something smites you!
The bag of meat hits you with a +9 war axe!!!
A bag of meat comes into view. It is wielding a +9 war axe.
The sculptor of flesh hits you with a +9 great sword!!!!!
Ouch! That really hurt!
You die...

#){)X#oX)o))))))).....###...
#)))2§.X.W.......###.......#
#.)§)§X.X.WMo...o..#.......#
#..§XLoXXMM.OO..o..#.......#
#..{.ooXV.#...V.Oo..........
#.....zoM#.#.#OMo....o......
#....Ooooo#.#VL..o..........
#..###..z#2#V#


XSo #... #..)#@#.W.X. #.. #....zoW.X..X .....##.)o..L.## #.. ##D..XX... #
...####.. .... . ###.. ### You could see 2 accurseds, a tentacled monstrosity
(summoned), 2 meat beasts, 3 tyrants, an eight-headed meat hydra, 4 destroyers,
2 sculptors of flesh, 2 large bags of meat, 7 large abominations, a dread and 12
bags of meat.

Vanquished Creatures
  Sigmund (D)
  7 hell beasts (D)
  7 royal mummies (D)
  A great orb of eyes (D)
  8 wraiths (D)
  Harold (D)
  17 vampire knights (D)
  62 ogres (D)
  6 two-headed ogres (D)
  7 liches (D)
  2 hydras (D)
  6 phantoms (D)
  107 orcs (D)
  3 skeletal warriors (D)
235 creatures vanquished.

Notes
Turn   | Place    | Note
-------+----------+-------------------------------------------
     0 | D        | Found the +∞ Axe of Woe
     0 | D        | Zeldest the Ghoul Warper began the quest for the Orb.
     0 | D        | Reached XP level 1. HP: 17/17 MP: 2/2
     3 | D        | Became a worshipper of Makhleb the Destroyer
     3 | D        | Noticed a meat berserker
     4 | D        | Noticed a bag of meat
     5 | D        | Noticed a bag of meat
     5 | D        | Noticed a bag of meat
     5 | D        | Noticed a bag of meat
     6 | D        | Noticed a bag of meat
     6 | D        | Noticed a meat berserker
     6 | D        | Noticed a bag of meat
     7 | D        | Killed a bag of meat
     7 | D        | Noticed a bag of meat
     7 | D        | Noticed a meat berserker
     8 | D        | Reached skill level 10 in Armour
     8 | D        | Reached skill level 10 in Dodging
     8 | D        | Reached XP level 2. HP: 41/41 MP: 3/3
     8 | D        | Reached XP level 3. HP: 48/48 MP: 4/4
     8 | D        | Reached XP level 4. HP: 56/56 MP: 5/5
     8 | D        | Reached XP level 5. HP: 62/62 MP: 6/6
     8 | D        | Reached XP level 6. HP: 70/70 MP: 7/7
     8 | D        | Reached XP level 7. HP: 77/77 MP: 8/8
     8 | D        | Reached XP level 8. HP: 83/83 MP: 9/9
     8 | D        | Reached XP level 9. HP: 90/90 MP: 10/10
     8 | D        | Reached XP level 10. HP: 97/97 MP: 11/11
     8 | D        | Reached XP level 11. HP: 104/104 MP: 12/12
     8 | D        | Killed a meat berserker
     8 | D        | Reached * piety under Makhleb
     8 | D        | Noticed a bag of meat
     8 | D        | Noticed a bag of meat
     8 | D        | Noticed a bag of meat
     9 | D        | Reached XP level 12. HP: 113/118 MP: 13/13
     9 | D        | Killed a meat berserker
     9 | D        | Killed a bag of meat
     9 | D        | Killed a bag of meat
     9 | D        | Reached ** piety under Makhleb
     9 | D        | Noticed a bag of meat
    10 | D        | Reached skill level 15 in Armour
    10 | D        | Reached skill level 15 in Dodging
    10 | D        | Reached XP level 13. HP: 134/134 MP: 14/14
    10 | D        | Reached XP level 14. HP: 143/143 MP: 15/15
    10 | D        | Killed a bag of meat
    10 | D        | Noticed a meat berserker
    10 | D        | Noticed a meat berserker
    11 | D        | Killed a bag of meat
    12 | D        | Reached XP level 15. HP: 152/152 MP: 16/16
    12 | D        | Killed a meat berserker
    12 | D        | Reached *** piety under Makhleb
    13 | D        | Noticed a meat berserker
    13 | D        | Noticed a meat berserker
    15 | D        | Reached **** piety under Makhleb
    15 | D        | Noticed a meat berserker
    15 | D        | Noticed a meat berserker
    16 | D        | Reached XP level 16. HP: 116/167 MP: 17/17
    16 | D        | Killed a meat berserker
    16 | D        | Killed a meat berserker
    17 | D        | Noticed a meat berserker
    18 | D        | Reached skill level 27 in Axes
    18 | D        | Reached XP level 17. HP: 181/181 MP: 18/18
    18 | D        | Killed a meat berserker
    18 | D        | Reached ***** piety under Makhleb
    18 | D        | Noticed a meat berserker
    19 | D        | Reached skill level 27 in Stealth
    19 | D        | Noticed a meat berserker
    19 | D        | Noticed a meat berserker
    19 | D        | Noticed a meat berserker
    20 | D        | Killed a meat berserker
    20 | D        | Noticed a meat berserker
    20 | D        | Noticed a meat berserker
    21 | D        | Reached skill level 27 in Fighting
    21 | D        | Killed a meat berserker
    21 | D        | Noticed a meat berserker
    22 | D        | Reached XP level 18. HP: 200/200 MP: 19/19
    22 | D        | Killed a meat berserker
    22 | D        | Noticed a meat berserker
    23 | D        | Reached skill level 27 in Armour
    23 | D        | Reached skill level 27 in Dodging
    23 | D        | Killed a meat berserker
    23 | D        | Reached ****** piety under Makhleb
    23 | D        | Killed a meat berserker
    24 | D        | Reached skill level 27 in Invocations
    24 | D        | Reached skill level 1 in Short Blades
    24 | D        | Reached skill level 1 in Long Blades
    24 | D        | Reached skill level 1 in Maces & Flails
    24 | D        | Reached skill level 1 in Polearms
    24 | D        | Reached skill level 1 in Staves
    24 | D        | Reached skill level 1 in Slings
    24 | D        | Reached skill level 1 in Bows
    24 | D        | Reached skill level 1 in Crossbows
    24 | D        | Reached skill level 1 in Shields
    24 | D        | Reached skill level 1 in Conjurations
    24 | D        | Reached skill level 1 in Hexes
    24 | D        | Reached skill level 1 in Summonings
    24 | D        | Reached skill level 1 in Transmutations
    24 | D        | Reached skill level 1 in Fire Magic
    24 | D        | Reached skill level 1 in Air Magic
    24 | D        | Reached skill level 1 in Evocations
    24 | D        | Reached XP level 19. HP: 207/207 MP: 19/35
    25 | D        | Killed a meat berserker
    25 | D        | Killed a meat berserker
    26 | D        | Reached skill level 5 in Unarmed Combat
    26 | D        | Reached skill level 5 in Translocations
    26 | D        | Reached skill level 5 in Ice Magic
    26 | D        | Reached skill level 5 in Earth Magic
    26 | D        | Reached XP level 20. HP: 186/216 MP: 19/36
    26 | D        | Noticed a large bag of meat
    26 | D        | Killed a meat berserker
    26 | D        | Noticed a destroyer
    26 | D        | Noticed a large bag of meat
    27 | D        | Reached skill level 5 in Short Blades
    27 | D        | Reached skill level 5 in Long Blades
    27 | D        | Reached skill level 5 in Maces & Flails
    27 | D        | Reached skill level 5 in Polearms
    27 | D        | Reached skill level 5 in Staves
    27 | D        | Reached skill level 5 in Slings
    27 | D        | Reached skill level 5 in Bows
    27 | D        | Reached skill level 5 in Crossbows
    27 | D        | Reached skill level 5 in Throwing
    27 | D        | Reached skill level 5 in Shields
    27 | D        | Reached skill level 5 in Spellcasting
    27 | D        | Reached skill level 5 in Conjurations
    27 | D        | Reached skill level 5 in Hexes
    27 | D        | Reached skill level 5 in Summonings
    27 | D        | Reached skill level 5 in Transmutations
    27 | D        | Reached skill level 5 in Fire Magic
    27 | D        | Reached skill level 5 in Air Magic
    27 | D        | Reached skill level 5 in Evocations
    27 | D        | Killed a meat berserker
    27 | D        | Killed a meat berserker
    27 | D        | Killed a meat berserker
    27 | D        | Noticed a meat berserker
    28 | D        | Killed a meat berserker
    28 | D        | Noticed a meat berserker
    28 | D        | Noticed a destroyer
    28 | D        | Noticed a meat berserker
    29 | D        | Reached XP level 21. HP: 224/224 MP: 20/37
    29 | D        | Noticed The Servant
    29 | D        | Killed a large bag of meat
    29 | D        | Killed The Servant
    30 | D        | Reached skill level 10 in Short Blades
    30 | D        | Reached skill level 10 in Slings
    30 | D        | Reached skill level 10 in Crossbows
    30 | D        | Reached skill level 10 in Throwing
    30 | D        | Reached skill level 10 in Necromancy
    30 | D        | Reached skill level 10 in Translocations
    30 | D        | Reached skill level 10 in Poison Magic
    30 | D        | Noticed a meat berserker
    31 | D        | Reached skill level 10 in Long Blades
    31 | D        | Reached skill level 10 in Maces & Flails
    31 | D        | Reached skill level 10 in Polearms
    31 | D        | Reached skill level 10 in Staves
    31 | D        | Reached skill level 10 in Bows
    31 | D        | Reached skill level 10 in Shields
    31 | D        | Reached skill level 10 in Summonings
    31 | D        | Reached skill level 10 in Transmutations
    31 | D        | Reached skill level 10 in Evocations
    31 | D        | Reached XP level 22. HP: 233/233 MP: 20/38
    31 | D        | Noticed a destroyer
    32 | D        | Noticed a large bag of meat
    33 | D        | Reached skill level 10 in Spellcasting
    33 | D        | Reached skill level 10 in Conjurations
    33 | D        | Reached skill level 10 in Hexes
    33 | D        | Reached skill level 10 in Fire Magic
    33 | D        | Reached skill level 10 in Air Magic
    33 | D        | Noticed a destroyer
    33 | D        | Noticed a destroyer
    34 | D        | Killed a destroyer
    35 | D        | Reached XP level 23. HP: 240/240 MP: 21/39
    35 | D        | Killed a destroyer
    35 | D        | Killed a destroyer
    36 | D        | Reached skill level 15 in Necromancy
    36 | D        | Reached skill level 15 in Poison Magic
    36 | D        | Killed a large bag of meat
    37 | D        | Reached skill level 15 in Translocations
    37 | D        | Reached XP level 24. HP: 209/249 MP: 21/39
    38 | D        | Reached skill level 15 in Short Blades
    38 | D        | Reached skill level 15 in Polearms
    38 | D        | Reached skill level 15 in Slings
    38 | D        | Reached skill level 15 in Bows
    38 | D        | Reached skill level 15 in Crossbows
    38 | D        | Reached skill level 15 in Throwing
    38 | D        | Reached skill level 15 in Shields
    38 | D        | Reached skill level 15 in Transmutations
    38 | D        | Noticed a destroyer
    40 | D        | Reached skill level 15 in Long Blades
    40 | D        | Reached skill level 15 in Maces & Flails
    40 | D        | Reached skill level 15 in Staves
    40 | D        | Reached skill level 15 in Summonings
    40 | D        | Reached skill level 15 in Evocations
    41 | D        | Reached XP level 25. HP: 257/257 MP: 22/40
    41 | D        | Noticed a destroyer
    41 | D        | Noticed a destroyer
    42 | D        | Killed a destroyer
    42 | D        | Killed a destroyer
    42 | D        | Noticed a destroyer
    43 | D        | Reached skill level 15 in Spellcasting
    43 | D        | Reached skill level 15 in Conjurations
    43 | D        | Reached skill level 15 in Hexes
    43 | D        | Reached skill level 15 in Fire Magic
    43 | D        | Reached skill level 15 in Air Magic
    44 | D        | Killed a destroyer
    45 | D        | Reached XP level 26. HP: 266/266 MP: 23/42
    45 | D        | Killed a destroyer
    47 | D        | Noticed a destroyer
    48 | D        | Killed a destroyer
    49 | D        | Reached XP level 27. HP: 273/273 MP: 24/43
    49 | D        | Noticed a tyrant
    49 | D        | Killed a destroyer
    50 | D        | Killed a large bag of meat
    52 | D        | Noticed a tyrant
    53 | D        | Noticed an accursed
    53 | D        | Noticed an accursed
    53 | D        | Killed a destroyer
    53 | D        | Noticed an accursed
    55 | D        | Killed an accursed
    57 | D        | Noticed a large bag of meat
    58 | D        | Noticed a tyrant
    59 | D        | Killed a tyrant
    61 | D        | Noticed a destroyer
    62 | D        | Killed a destroyer
    62 | D        | Killed a tyrant
    62 | D        | Noticed a destroyer
    63 | D        | Noticed an accursed
    63 | D        | Noticed a large bag of meat
    64 | D        | Noticed The Captor
    65 | D        | Reached skill level 27 in Unarmed Combat
    65 | D        | Reached skill level 27 in Ice Magic
    65 | D        | Reached skill level 27 in Earth Magic
    66 | D        | Noticed a tyrant
    67 | D        | Noticed a dread
    67 | D        | Killed a large bag of meat
    68 | D        | Noticed a dread
    69 | D        | Noticed a dread
    69 | D        | Noticed an accursed
    70 | D        | Noticed a dread
    71 | D        | Killed an accursed
    71 | D        | Killed a tyrant
    71 | D        | Noticed a dread
    72 | D        | Noticed a meat beast
    73 | D        | Killed a tyrant
    73 | D        | Killed a meat beast
    74 | D        | Reached skill level 27 in Necromancy
    74 | D        | Reached skill level 27 in Poison Magic
    75 | D        | Killed a large bag of meat
    77 | D        | Noticed a dread
    77 | D        | Noticed a destroyer
    77 | D        | Noticed an accursed
    77 | D        | Noticed a tyrant
    78 | D        | Killed The Captor
    78 | D        | Killed a dread
    79 | D        | Reached skill level 27 in Short Blades
    79 | D        | Reached skill level 27 in Long Blades
    79 | D        | Reached skill level 27 in Maces & Flails
    79 | D        | Reached skill level 27 in Polearms
    79 | D        | Reached skill level 27 in Staves
    79 | D        | Reached skill level 27 in Slings
    79 | D        | Reached skill level 27 in Bows
    79 | D        | Reached skill level 27 in Crossbows
    79 | D        | Reached skill level 27 in Throwing
    79 | D        | Reached skill level 27 in Shields
    79 | D        | Reached skill level 27 in Spellcasting
    79 | D        | Reached skill level 27 in Conjurations
    79 | D        | Reached skill level 27 in Hexes
    79 | D        | Reached skill level 27 in Summonings
    79 | D        | Reached skill level 27 in Translocations
    79 | D        | Reached skill level 27 in Transmutations
    79 | D        | Reached skill level 27 in Fire Magic
    79 | D        | Reached skill level 27 in Air Magic
    79 | D        | Reached skill level 27 in Evocations
    79 | D        | Noticed a dread
    80 | D        | Noticed a tyrant
    80 | D        | Noticed an accursed
    81 | D        | Noticed a destroyer
    86 | D        | Killed a dread
    87 | D        | Killed a dread
    87 | D        | Noticed a meat beast
    87 | D        | Noticed a meat beast
    89 | D        | Killed a destroyer
    90 | D        | Noticed an accursed
    90 | D        | Killed a dread
    90 | D        | Killed an accursed
    90 | D        | Noticed a meat beast
    91 | D        | Noticed a destroyer
    92 | D        | Killed a meat beast
    92 | D        | Killed a dread
    92 | D        | Noticed a meat beast
    92 | D        | Noticed a meat beast
    94 | D        | Killed a dread
    95 | D        | Killed a meat beast
    95 | D        | Killed a tyrant
    95 | D        | Noticed a meat beast
    96 | D        | Noticed a large bag of meat
    97 | D        | Noticed a tyrant
    97 | D        | Noticed a destroyer
    98 | D        | Killed a meat beast
    98 | D        | Noticed an accursed
    98 | D        | Noticed an accursed
   100 | D        | Killed a meat beast
   100 | D        | Noticed a destroyer
   100 | D        | Noticed a large bag of meat
   101 | D        | Killed an accursed
   101 | D        | Noticed a tyrant
   101 | D        | Noticed a meat beast
   102 | D        | Noticed a meat beast
   102 | D        | Killed a destroyer
   102 | D        | Noticed an accursed
   103 | D        | Killed a meat beast
   103 | D        | Killed a destroyer
   103 | D        | Killed an accursed
   104 | D        | Noticed a destroyer
   104 | D        | Noticed a destroyer
   104 | D        | Noticed an accursed
   105 | D        | Killed a destroyer
   105 | D        | Noticed a tyrant
   105 | D        | Noticed a destroyer
   106 | D        | Killed an accursed
   106 | D        | Noticed a destroyer
   107 | D        | Killed a dread
   107 | D        | Noticed an accursed
   107 | D        | Noticed a tyrant
   108 | D        | Noticed a meat beast
   108 | D        | Killed a destroyer
   108 | D        | Killed a meat beast
   108 | D        | Noticed a dread
   109 | D        | Killed a large bag of meat
   109 | D        | Noticed a dread
   110 | D        | Killed a tyrant
   111 | D        | Noticed a tyrant
   111 | D        | Noticed a dread
   111 | D        | Noticed a dread
   111 | D        | Noticed a dread
   111 | D        | Noticed an accursed
   111 | D        | Noticed a large bag of meat
   111 | D        | Noticed a destroyer
   111 | D        | Noticed a large bag of meat
   111 | D        | Noticed a destroyer
   111 | D        | Noticed an accursed
   112 | D        | Killed an accursed
   112 | D        | Killed a tyrant
   113 | D        | Killed a dread
   113 | D        | Noticed a tyrant
   114 | D        | Killed a destroyer
   114 | D        | Noticed a destroyer
   115 | D        | Annihilated by a sculptor of flesh

Illustrated notes

Levels and vault maps discovered:
D:        meatsprint

Skill      XL: |  1  2  3  4  5  6  7  8  9 10 11 12 13 14 15 16 17 18 19 20 21 22 23 24 25 26 27 |
---------------+----------------------------------------------------------------------------------+-----
Fighting       | 12 14 18 19 21 23 27 | 27.0
Axes           | 14 17 21 22 25 27 | 27.0
Armour         | 10 12 15 16 18 20 25 27 | 27.0
Dodging        | 10 12 15 16 18 20 25 27 | 27.0
Stealth        | 12 16 19 20 23 25 27 | 27.0
Invocations    | 27 | 27.0
Short Blades   | 1 4 8 10 12 14 15 17 19 27 | 27.0
Long Blades    | 1 4 8 10 12 14 15 17 19 27 | 27.0
Maces & Flails | 1 4 8 10 12 14 15 17 19 27 | 27.0
Polearms       | 1 4 8 10 12 14 15 17 19 27 | 27.0
Staves         | 1 4 8 10 12 14 15 17 19 27 | 27.0
Slings         | 1 4 8 10 12 14 15 17 19 27 | 27.0
Bows           | 1 4 8 10 12 14 15 17 19 27 | 27.0
Crossbows      | 1 4 8 10 12 14 15 17 19 27 | 27.0
Throwing       | 2 4 8 10 12 14 15 17 19 27 | 27.0
Shields        | 1 4 8 10 12 14 15 17 19 27 | 27.0
Unarmed Combat | 2 5 9 12 14 17 18 20 22 27 | 27.0
Spellcasting   | 2 4 7 9 11 13 14 16 17 27 | 27.0
Conjurations   | 1 4 7 9 11 13 14 16 17 27 | 27.0
Hexes          | 1 3 7 9 11 13 14 16 17 27 | 27.0
Summonings     | 1 4 8 10 12 14 15 17 19 27 | 27.0
Necromancy     | 2 4 8 11 13 15 17 19 20 27 | 27.0
Translocations | 3 5 8 10 12 15 16 17 19 27 | 27.0
Transmutations | 1 4 8 10 12 14 15 17 19 27 | 27.0
Fire Magic     | 1 4 7 9 11 13 14 16 17 27 | 27.0
Ice Magic      | 2 5 9 12 14 17 18 20 22 27 | 27.0
Air Magic      | 1 4 7 9 11 13 14 16 17 27 | 27.0
Earth Magic    | 2 5 9 12 14 17 18 20 22 27 | 27.0
Poison Magic   | 2 4 8 11 13 15 17 19 20 27 | 27.0
Evocations     | 1 4 8 10 12 14 15 17 19 27 | 27.0

Action                   |  1- 3 |  4- 6 |  7- 9 | 10-12 | 13-15 | 16-18 | 19-21 | 22-24 | 25-27 || total
-------------------------+-------+-------+-------+-------+-------+-------+-------+-------+-------++-------
Melee: Executioner's axe |     1 |       |       |     2 |     5 |     7 |     6 |     7 |    62 ||    90
  Use: Scroll            |       |       |       |       |       |       |       |       |     2 ||     2
Armor: Leather armour    |       |       |       |       |       |       |       |       |     1 ||     1
Dodge: Dodged            |     1 |       |       |       |       |       |       |       |     7 ||     8

Table legend: (Time is in decaauts)
 A = Elapsed time spent in this place.
 B = Non-inter-level travel time spent in this place.
 C = Inter-level travel time spent in this place.
 D = Time resting spent in this place.
 E = Time spent auto-exploring this place.
 F = Levels seen in this place.
 G = Mean time per level.
                   A        B        C        D        E       F      G
               +--------+--------+--------+--------+--------+-----+--------+
         Total |     89 |     89 |      0 |      0 |      0 |   1 |   89.0 |
       Dungeon |     89 |     89 |      0 |      0 |      0 |   1 |   89.0 |
               +--------+--------+--------+--------+--------+-----+--------+

Top non-repeatable levels by time:
       D: 89 daAuts
